 Dungeon Crawl Stone Soup version 0.30-a0-715-gdb4ae3ece1 (webtiles) character file.

Game seed: 11934935350577504177

232 testman the Grave Robber (level 5, -3/35 HPs)
             Began as a Demonspawn Necromancer on Jan 24, 2023.
             Killed from afar by an orc wizard (9 damage)
             ... with a magic dart
             ... on level 3 of the Dungeon.
             The game lasted 00:12:07 (3628 turns).

testman the Grave Robber (Demonspawn Necromancer)   Turns: 3628, Time: 00:12:07

Health: -3/35      AC:  3    Str:  8    XL:     5   Next: 73%
Magic:  1/20       EV: 12    Int: 18    God:
Gold:   94         SH:  0    Dex: 14    Spells: 4/12 levels left

rFire   . . .      SeeInvis .    n - +0 whip (venom)
rCold   . . .      Faith    .    (no shield)
rNeg    . . .      Spirit   .    a - +0 robe
rPois   .          Reflect  .    o - +0 helmet
rElec   .          Harm     .    (no cloak)
rCorr   .          Rampage  .    (no gloves)
Will    .....                    (no boots)
Stlth   ++                       (no amulet)
HPRegen 0.25/turn                j - ring of magical power
MPRegen 0.17/turn                (no ring)

@: no status effects
A: ignite blood 1, weakness stinger 2
a: no special abilities


You were on level 3 of the Dungeon.
You visited 1 branch of the dungeon, and saw 4 of its levels.

You collected 94 gold pieces.

Inventory:

Hand Weapons
 c - a +0 dagger
 n - a +0 whip of venom (weapon)
Missiles
 g - 5 boomerangs
Armour
 a - a +0 robe (worn)
 o - a +0 helmet (worn)
Jewellery
 j - a ring of magical power (left hand)
 m - a ring of willpower
Scrolls
 d - a scroll of poison {unknown}
 e - 3 scrolls of enchant armour {unknown}
 h - a scroll of teleportation {unknown}
 l - a scroll of magic mapping {unknown}
 p - a scroll of identify {unknown}
Potions
 b - a potion of magic
 f - 2 potions of berserk rage {unknown}
 i - a potion of attraction {unknown}
 k - a potion of curing {unknown}


   Skills:
 - Level 1.7 Dodging
 - Level 1.7 Stealth
 + Level 4.2 Spellcasting
 + Level 6.3 Necromancy


You had 4 spell levels left.
You knew the following spells:

 Your Spells              Type           Power      Damage    Failure   Level
a - Necrotise             Necr           100%       1d9       1%          1
b - Vampiric Draining     Necr           26%        2d7       3%          3
c - Animate Dead          Necr           26%        N/A       11%         4

Your spell library contained the following spells:

 Spells                   Type           Power      Damage    Failure   Level
 Beastly Appendage        Tmut           6%         N/A       14%         1
 Wereblood                Tmut           3%         N/A       22%         2
 Call Canine Familiar     Summ           3%         N/A       41%         3
 Portal Projectile        Hex/Tloc       6%         N/A       41%         3
 Spider Form              Tmut/Pois      3%         N/A       41%         3
 Leda's Liquefaction      Hex/Erth       1%         N/A       82%         4
 Agony                    Necr           26%        N/A       30%         5


Dungeon Overview and Level Annotations

Branches:
Dungeon (4/15)
 Temple: D:4-7

Altars:
Xom


Innate Abilities, Weirdness & Mutations

Your demonic aura sometimes causes spilled blood to erupt in flames.
You have a tail ending in a sharp stinger.


Message History

Press: ? - help, Shift-Dir - straight line You draw life force from something.
You feel life coursing into your body. The hobgoblin hits you.
* * * LOW HITPOINT WARNING * * *
Something hits you.
* * * LOW HITPOINT WARNING * * *
Your orc priest zombie closely misses something.
Something hits you but does no damage. The hobgoblin attacks as you move away!
The hobgoblin barely misses you.
Your reaping aura is weakening.
Something hits your orc priest zombie.
You barely miss the hobgoblin.
Your orc priest zombie closely misses something.
The hobgoblin barely misses you.
You hear some strange, mumbled words.
Your orc priest zombie appears confused.
You hit the hobgoblin but do no damage.
The hobgoblin is poisoned.
The hobgoblin hits you but does no damage.
Something hits you.
* * * LOW HITPOINT WARNING * * *
The hobgoblin barely misses you. Something barely misses you.
The hobgoblin attacks as you move away! The hobgoblin hits you.
* * * LOW HITPOINT WARNING * * *
Casting: Vampiric Draining (dangerous; 3% risk of failure)
Confirm with . or Enter, or press ? or * to list all spells.
Okay, then.
Aiming: Necrotise (safe; 1% risk of failure)
Press: ? - help, Q - select action, (/) - cycle Shift-Dir - straight line Something writhes in agony!
Your reaping aura expires.
You hear some strange, mumbled words.
Something tries to affect you, but you resist.
You kill the hobgoblin!
Your orc priest zombie hits the goblin.
The goblin hits something with a +0 club.
The goblin hits something with a +0 club.
A magic dart appears from out of thin air!
The magic dart hits you!
You die...

#.
#..~#..........#####.#
#. #..~########.### #.#
#.######PP._8# #.# #.#
....# ####### #.# #.#
.#.# #.# #.# #.# #Z.#
###.### #.# #.# . #..#
#....># #.# #.#
....###).####.....####.#
#.##
#....())Zg..{...@......#
#...
#..#####)####.....######
#### ...?........#
##############


You could see a goblin (distracted).

Vanquished Creatures
  2 orc priests (D:3)
  An orc wizard (D:3)
  5 adders
  A white imp (D:3)
  A worm (D:2)
  2 dart slugs
  6 orcs (D:3)
  4 bats (D:1)
  8 endoplasms
  7 giant cockroaches (D:1)
  6 goblins
  5 hobgoblins
  7 jackals
  11 kobolds
  5 quokkas
  3 ball pythons
  2 frilled lizards
  5 rats (D:1)
81 creatures vanquished.

Vanquished Creatures (collateral kills)
  A ball python (D:2)
  A rat (D:2)
2 creatures vanquished.

Vanquished Creatures (others)
  2 orc zombies (D:3)
2 creatures vanquished.

Grand Total: 85 creatures vanquished

Notes
Turn   | Place    | Note
-------+----------+-------------------------------------------
     0 | D:1      | testman the Demonspawn Necromancer began the quest for the
                  | Orb.
     0 | D:1      | Reached XP level 1. HP: 13/13 MP: 3/3
   180 | D:1      | Gained mutation: Your demonic aura sometimes causes spilled
                  | blood to erupt in flames. [demonic ancestry]
   180 | D:1      | Reached XP level 2. HP: 19/19 MP: 5/5
   709 | D:1      | Reached skill level 5 in Necromancy
   709 | D:1      | Gained mutation: You have a small tail. [demonic ancestry]
   709 | D:1      | Reached XP level 3. HP: 24/24 MP: 5/7
  1632 | D:2      | Learned a level 3 spell: Vampiric Draining
  1843 | D:2      | Reached XP level 4. HP: 30/30 MP: 8/8
  1848 | D:2      | Learned a level 4 spell: Animate Dead
  2690 | D:3      | HP: 1/30 [orc priest/divine providence (15)]
  2696 | D:3      | Gained mutation: You have a tail ending in a sharp stinger.
                  | [demonic ancestry]
  2696 | D:3      | Reached XP level 5. HP: 10/35 MP: 2/10
  2828 | D:3      | Reached skill level 6 in Necromancy
  3267 | D:3      | Found a faded altar of an unknown god.
  3501 | D:3      | Found a shimmering altar of Xom.
  3628 | D:3      | Killed from afar by an orc wizard

Illustrated notes

Levels and vault maps discovered:
D:1:      dpeg_arrival_arbitrary_a, layout_loops_corners, minmay_vboxes
D:2:      layout_loops_ring, serial_forest, infiniplex_forest_end_2,
          infiniplex_forest_lined_4_way, infiniplex_forest_lined_room_2,
          infiniplex_forest_3_way, infiniplex_forest_clump_long
D:3:      layout_loops_ring, lemuel_round_altar, led_sif_book,
          shapermc_ecumenical_altar_hornbeckon
D:4:      layout_basic, uniq_natasha

Skill      XL: |  1  2  3  4  5 |
---------------+----------------+-----
Necromancy     | 5 6 |  6.3
Spellcasting   | 3 4 |  4.2
Dodging        | |  1.7
Stealth        | |  1.7

Action                     |  1- 3 |  4- 6 || total
---------------------------+-------+-------++-------
  Melee: Dagger            |   113 |    79 ||   192
         Punch             |     1 |     4 ||     5
         Tailslap          |     9 |    18 ||    27
         Whip              |       |    37 ||    37
   Cast: Necrotise         |    42 |    32 ||    74
         Vampiric Draining |       |    12 ||    12
         Animate Dead      |       |     1 ||     1
   Stab: Sleeping          |    10 |       ||    10
 Armour: Robe              |    20 |    14 ||    34
  Dodge: Dodged            |    83 |    48 ||   131

Table legend: (Time is in decaauts)
 A = Elapsed time spent in this place.
 B = Non-inter-level travel time spent in this place.
 C = Inter-level travel time spent in this place.
 D = Time resting spent in this place.
 E = Time spent auto-exploring this place.
 F = Levels seen in this place.
 G = Mean time per level.
                   A        B        C        D        E       F      G
               +--------+--------+--------+--------+--------+-----+--------+
         Total |   3636 |   3465 |    171 |     92 |   2689 |   4 |  909.0 |
       Dungeon |   3636 |   3465 |    171 |     92 |   2689 |   4 |  909.0 |
               +--------+--------+--------+--------+--------+-----+--------+

Top non-repeatable levels by time:
     D:1: 1582 daAuts
     D:2: 1077 daAuts
     D:3: 975 daAuts
     D:4: 1 daAuts
